 Dungeon Crawl Stone Soup version 0.32-a0-876-gcfddb08e57 (webtiles) character file.

Game seed: 13836272660283922109

417 oldriver the Trooper (level 6, 0/72 HPs)
             Began as an Oni Shapeshifter on Apr 1, 2024.
             Was a Follower of Uskayaw.
             Incinerated by a bombardier beetle (4 damage)
             ... with a burning spray
             ... on level 4 of the Dungeon.
             The game lasted 00:03:40 (3198 turns).

oldriver the Trooper (Oni Shapeshifter)             Turns: 3198, Time: 00:03:41

Health: 0/72       AC:  3    Str: 21    XL:     6   Next: 92%
Magic:  0/7        EV:  8    Int: 11    God:    Uskayaw [*.....]
Gold:   151        SH:  0    Dex:  8    Spells: 5/5 levels left

rFire   . . .        m - +0 flail (protect)
rCold   . . .        (no shield)
rNeg    . . .        a - +0 animal skin
rPois   .            (helmet currently unavailable)
rElec   .            (cloak currently unavailable)
rCorr   .            (gloves unavailable)
SInv    .            (boots unavailable)
Will    .....        (no amulet)
Stlth   +            (no ring)
HPRegen 0.32/turn    (no ring)
MPRegen 0.10/turn

%: no passive effects
@: on fire, beast-form, hasted, glowing, very quick
A: beast (slay +1), large, unfitting armour, horns 1, tough skin 1, double
potion healing, drunken brawling
a: Begin Untransformation, Renounce Religion, Stomp


You were on level 4 of the Dungeon.
You worshipped Uskayaw.
Uskayaw was noncommittal.
You were a hulking beast.
You visited 1 branch of the dungeon, and saw 4 of its levels.

You collected 151 gold pieces.

Inventory:

Hand Weapons
 m - a +0 flail of protection (weapon)
 t - a +0 giant spiked club
Missiles
 g - 22 stones (quivered)
 s - a boomerang
Armour
 a - a +0 animal skin (worn)
Talismans
 c - a beast talisman (active)
 d - a flux talisman
Wands
 b - a wand of iceblast (6)
Scrolls
 f - 3 scrolls of identify {unknown}
 h - a scroll of fear {unknown}
 i - 3 scrolls of revelation {unknown}
 l - a scroll of fog {unknown}
 p - a scroll of teleportation {unknown}
 q - a scroll of enchant weapon {unknown}
 r - a scroll of poison {unknown}
 u - a scroll of vulnerability {unknown}
Potions
 e - a potion of haste
 j - 2 potions of attraction {unknown}
 k - a potion of brilliance {unknown}
 n - 2 potions of enlightenment {unknown}
 o - a potion of invisibility {unknown}


   Skills:
 + Level 7.8 Fighting
 + Level 2.1 Maces & Flails
 - Level 1.8 Dodging
 - Level 2.7 Unarmed Combat
 + Level 2.6 Invocations
 - Level 3.0 Shapeshifting


You had 5 spell levels left.
You didn't know any spells.
Your spell library contained the following spells:

 Spells                   Type           Power      Damage    Failure   Level
 Frozen Ramparts          Ice            0%         1d1       71%         3
 Ozocubu's Armour         Ice            0%         N/A       71%         3
 Metabolic Englaciation   Hex/Ice        0%         N/A       100%        5


Dungeon Overview and Level Annotations

Branches:
Dungeon (4/15)
 Temple: D:4-7

Altars:
Uskayaw


Innate Abilities, Weirdness & Mutations

You are a hulking beast.
Your limbs bulge with bestial killing power. (Slay +1)
You are too large for most types of armour.
You have a pair of small horns on your head.
You have tough skin. (AC +1)
You gain doubled healing and magic from potions.
Whenever you drink a healing potion, you attack all around you.


Message History

The orc seems less confused.
The bombardier beetle seems less confused.
The orc hits you but does no damage. The scorpion barely misses you.
The orc hits you but does no damage.
The scorpion stings you but does no damage.
You closely miss the scorpion.
You headbutt the scorpion, but do no damage.
The liquid fire burns you! The scorpion closely misses you.
The orc hits you but does no damage.
Unknown command.
You barely miss the scorpion. The liquid fire burns you!
The scorpion barely misses you. The orc hits you with a +0 trident.
The bombardier beetle closely misses you.
The scorpion stings you but does no damage.
Unknown command.
You stomp with the beat, sending a shockwave through the revellers around you!
You kill the orc!
The scorpion is heavily wounded.
You kill the bombardier beetle!
The iguana is heavily wounded.
You can no longer stomp with the beat.
The liquid fire burns you!
* * * LOW HITPOINT WARNING * * *
The iguana bites you but does no damage.
The scorpion stings you but does no damage.
You can now stomp with the beat.
Your life force feels restored.
You barely miss the scorpion.
The scorpion is heavily wounded.
The liquid fire burns you!
* * * LOW HITPOINT WARNING * * *
The iguana bites you!
* * * LOW HITPOINT WARNING * * *
The scorpion stings you but does no damage.
Okay, then.
It was a potion of haste.
You feel yourself speed up. The liquid fire burns you!
You die...
Your body falls in perfect tune with the rhythm.

#.# ###### #.##. .#
#.##. .#
.###########.##...##
......)).....##.....
############.......#
.## #)##.##.#...# .
#.#.l.#...... ...
##...$h......#
.....#..#..s#..#.##
........##........
..................#
###..$...##.#..#...
#.......#...... ..
...............#. .
.........#...#.##.
.........##


You could see a scorpion and an iguana.

Vanquished Creatures
  An ogre (D:3)
  A bombardier beetle (D:4)
  Ijyb (D:3)
  An iguana (D:4)
  2 orc wizards (D:4)
  7 gnolls (D:4)
  4 adders (D:3)
  2 ribbon worms
  9 orcs
  5 ball pythons
  5 bats
  4 endoplasms
  9 giant cockroaches
  7 goblins
  10 hobgoblins
  3 jackals (D:2)
  2 quokkas
  6 frilled lizards
  5 kobolds
  8 rats
92 creatures vanquished.

Notes
Turn   | Place    | Note
-------+----------+-------------------------------------------
     0 | D:1      | oldriver the Oni Shapeshifter began the quest for the Orb.
     0 | D:1      | Reached XP level 1. HP: 19/19 MP: 1/1
    59 | D:1      | Reached skill level 2 in Fighting
   112 | D:1      | Reached XP level 2. HP: 29/29 MP: 2/2
   133 | D:1      | Reached skill level 3 in Fighting
   171 | D:1      | Found a faded altar of an unknown god.
   264 | D:1      | Prayed at the altar of an unknown god.
   264 | D:1      | Became a worshipper of Uskayaw the Reveller
   264 | D:1      | Reached * piety under Uskayaw
   323 | D:1      | Reached ** piety under Uskayaw
   425 | D:1      | Reached XP level 3. HP: 34/39 MP: 3/3
   576 | D:1      | Reached skill level 4 in Fighting
  1352 | D:2      | Reached XP level 4. HP: 46/49 MP: 4/4
  1622 | D:3      | Noticed an ogre
  1630 | D:3      | Killed an ogre
  1630 | D:3      | Reached *** piety under Uskayaw
  1631 | D:3      | Reached skill level 6 in Fighting
  1631 | D:3      | Reached XP level 5. HP: 38/61 MP: 5/5
  1770 | D:3      | Noticed Ijyb
  1793 | D:3      | Killed Ijyb
  1804 | D:3      | Reached skill level 7 in Fighting
  2632 | D:3      | Reached skill level 1 in Invocations
  2787 | D:4      | Reached XP level 6. HP: 71/71 MP: 6/6
  2812 | D:4      | Reached skill level 1 in Maces & Flails
  3069 | D:4      | Reached **** piety under Uskayaw
  3077 | D:4      | Reached ***** piety under Uskayaw
  3198 | D:4      | Incinerated by a bombardier beetle

Illustrated notes

Levels and vault maps discovered:
D:1:      ncdulo_smallfort, layout_loops_corners,
          hellmonk_ecumenical_altar_pennies_from_heaven,
          minmay_worlds_worst_comb
D:2:      layout_rooms
D:3:      layout_rooms, serial_bayou, serial_bayou_pond_a, serial_bayou_shore_b,
          serial_bayou_shore_b, serial_bayou_shore_a, hangedman_feature_mirror,
          st_stairs_13, serial_bayou_crossing, uniq_ijyb
D:4:      layout_basic, serial_shops, shop, minivault_23,
          hangedman_decor_clover_reticule

Skill      XL: |  1  2  3  4  5  6 |
---------------+-------------------+-----
Fighting       | 2 3 4 6 7 |  7.8
Invocations    | 1 2 |  2.6
Maces & Flails | 2 |  2.1
Dodging        | |  1.8
Unarmed Combat | |  2.7
Shapeshifting  | |  3.0

Action                     |  1- 3 |  4- 6 || total
---------------------------+-------+-------++-------
  Melee: Unarmed           |    90 |       ||    90
         Punch             |     4 |       ||     4
         Headbutt          |    12 |    21 ||    33
         Flail             |    29 |   149 ||   178
 Invoke: Stomp             |       |     2 ||     2
         Line Pass         |       |     1 ||     1
    Use: Potion            |       |     2 ||     2
   Stab: Paralysed         |       |     2 ||     2
         Confused          |       |     1 ||     1
 Armour: Animal skin       |    85 |   143 ||   228
         Skin              |       |    29 ||    29
  Dodge: Dodged            |    61 |    63 ||   124

Table legend: (Time is in decaauts)
 A = Elapsed time spent in this place.
 B = Non-inter-level travel time spent in this place.
 C = Inter-level travel time spent in this place.
 D = Time resting spent in this place.
 E = Time spent auto-exploring this place.
 F = Levels seen in this place.
 G = Mean time per level.
                   A        B        C        D        E       F      G
               +--------+--------+--------+--------+--------+-----+--------+
         Total |   3258 |   3091 |    167 |     82 |   2340 |   4 |  814.5 |
       Dungeon |   3258 |   3091 |    167 |     82 |   2340 |   4 |  814.5 |
               +--------+--------+--------+--------+--------+-----+--------+

Top non-repeatable levels by time:
     D:3: 1173 daAuts
     D:1: 1020 daAuts
     D:2: 562 daAuts
     D:4: 501 daAuts
